 Dungeon Crawl Stone Soup version 0.23-a0-819-g6debee6 (webtiles) character file.

74 CabbageHands the Insei (level 4, -6/28 HPs)
             Began as an Octopode Transmuter on Jan 22, 2019.
             Mangled by a hobgoblin
             ... wielding a +2 spear of piercing
             ... led by Robin
              (7 damage)
             ... on level 2 of the Dungeon.
             The game lasted 00:05:31 (1250 turns).

CabbageHands the Insei (Octopode Transmuter)        Turns: 1250, Time: 00:05:32

Health: -6/28      AC:  1    Str:  9    XL:     4   Next: 28%
Magic:  0/7        EV: 13    Int: 16    God:
Gold:   42         SH:  0    Dex: 12    Spells: 5/8 levels left

rFire    . . .     SeeInvis .     - Unarmed
rCold    . . .     Gourm    .   (no shield)
rNeg     . . .     Faith    .   (helmet restricted)
rPois    .         Spirit   .   (no amulet)
rElec    .         Reflect  .   (no ring)
rCorr    .         Harm     .   (no ring)
MR       .....                  (no ring)
Stlth    ++........             (no ring)
HPRegen  0.09/turn              (no ring)
MPRegen  0.10/turn              (no ring)
                                (no ring)
                                (no ring)

@: very slightly contaminated
A: almost no armour, stealthy swim, amphibious, 8 rings, constrict 8, camouflage
1, gelatinous body 1
a: no special abilities


You were on level 2 of the Dungeon.
You were hungry.

You visited 1 branch of the dungeon, and saw 2 of its levels.

You collected 42 gold pieces.

Inventory:

Missiles
 a - 75 arrows
Scrolls
 b - a scroll of enchant armour {unknown}
 e - a scroll of amnesia {unknown}
 h - 3 scrolls of remove curse {unknown}
 i - 3 scrolls of identify {unknown}
 k - a scroll of random uselessness {unknown}
Potions
 d - a potion of lignification {unknown}
 f - a potion of brilliance {unknown}
 g - a potion of degeneration {unknown}
 j - a potion of heal wounds {unknown}
Comestibles
 c - 5 rations
 l - 2 chunks of flesh


   Skills:
 - Level 1.0 Fighting
 - Level 2.0 Dodging
 * Level 4.1 Unarmed Combat
 + Level 2.6 Spellcasting
 + Level 2.7 Transmutations


You had 5 spell levels left.
You knew the following spells:

 Your Spells              Type           Power        Failure   Level  Hunger
a - Beastly Appendage     Tmut           ##....       6%          1    #......
b - Sticks to Snakes      Tmut           ##......     10%         2    ##.....

Your spell library contained the following spells:

 Spells                   Type           Power        Failure   Level  Hunger
 Spider Form              Tmut/Pois      #.........   32%         3    ###....
 Ice Form                 Ice/Tmut       #.......     73%         4    #####..
 Blade Hands              Tmut           ##........   87%         5    ######.


Dungeon Overview and Level Annotations

Branches:
Dungeon (2/15)

Altars:
Yredelemnul


Innate Abilities, Weirdness & Mutations

You cannot wear most types of armour.
You are very stealthy in the water. (Stealth+)
You are amphibious.
You can wear up to eight rings at the same time.
You can use your tentacles to constrict eight enemies at once.
Your skin changes colour to match your surroundings (Stealth+).
Your rubbery body absorbs attacks. (AC +1, EV +1)


Message History

Unknown command.
Casting: Sticks to Snakes (safe; 10% risk of failure)
Confirm with . or Enter, or press ? or * to list all spells.
You miscast Sticks to Snakes.
You are very lightly contaminated with residual magic.
Strange energies run through your body.
You are feeling hungry.
The goblin misses you.
The goblin unwields a +0 club.
The goblin wields a +0 hunting sling.
The goblin shoots a stone.
The stone hits your ball python.
Your ball python dies!
The hobgoblin hits you from afar with a +2 spear of piercing.
The hobgoblin hits you with a +0 club.
* * * LOW HITPOINT WARNING * * *
You tentacle-slap Robin.
You kill Robin!
The goblin hits you with a +0 club.
* * * LOW HITPOINT WARNING * * *
The hobgoblin hits you from afar with a +2 spear of piercing!
You die...

...# #.#...# #..# #.# ...#
#.#.#.###..# #.# ...#
#.#.#..##..###.## ...#
#.#.............#
...#######.####..#..###.#######
.............................>#
....................###.#.#####
#.##.##....#####g#.## #.#.#
####.##....# #@g.####.#.#######
#.##....# ##g(.g...........#
#.##....# #gg####.#.#######
####.##....# ##.## #.#.#
...........#######.†###.#.#
####...............)....#.#
...............####.###g..#
.###.#...###.# #..###..g#
.###.#...# #.# #...##...#


You could see 2 hobgoblins and 4 goblins.

Vanquished Creatures
  Robin (D:2)
  An adder (D:2)
  An ooze (D:1)
  A dart slug (D:1)
  A leopard gecko (D:1)
  4 bats
  2 giant cockroaches (D:1)
  4 goblins
  8 hobgoblins
  7 jackals
  4 frilled lizards
  8 kobolds (D:1)
  3 rats (D:1)
45 creatures vanquished.

Vanquished Creatures (collateral kills)
  2 goblins (D:2)
2 creatures vanquished.

Grand Total: 47 creatures vanquished

Notes
Turn   | Place    | Note
-------+----------+-------------------------------------------
     0 | D:1      | CabbageHands the Octopode Transmuter began the quest for
                  | the Orb.
     0 | D:1      | Reached XP level 1. HP: 13/13 MP: 3/3
    47 | D:1      | Reached XP level 2. HP: 13/18 MP: 3/5
    95 | D:1      | Learned a level 2 spell: Sticks to Snakes
   420 | D:1      | Reached XP level 3. HP: 21/23 MP: 6/6
   911 | D:2      | Found a basalt altar of Yredelemnul.
  1201 | D:2      | Noticed Robin
  1231 | D:2      | Reached skill level 4 in Unarmed Combat
  1231 | D:2      | Reached XP level 4. HP: 26/28 MP: 2/7
  1250 | D:2      | Killed Robin
  1250 | D:2      | HP: 1/28 [goblin/+0 club[Robin] (6)]
  1250 | D:2      | Mangled by a hobgoblin

Vault maps used:
D:1:      dpeg_arrival_rooms_b
D:2:      grunt_temple_overflow_gold_and_silver, yredelemnul_altar_generic,
          uniq_robin

Skill      XL: |  1  2  3 |
---------------+----------+-----
Unarmed Combat | 4 |  4.1
Fighting       | |  1.0
Dodging        | |  2.0
Spellcasting   | |  2.6
Transmutations | |  2.7

Action                   |  1- 3 |  4- 6 || total
-------------------------+-------+-------++-------
Melee: Unarmed           |   102 |     4 ||   106
       Kick              |    12 |       ||    12
       Constrict         |    28 |       ||    28
       Tentacles         |    15 |     1 ||    16
       Punch             |     1 |       ||     1
 Cast: Beastly Appendage |     8 |       ||     8
       Sticks to Snakes  |     1 |     1 ||     2
 Stab: Sleeping          |     3 |       ||     3
  Eat: Chunk             |     1 |       ||     1
Armor: Skin              |    11 |       ||    11
Dodge: Dodged            |    67 |     6 ||    73

Table legend:
 A = Non-vault XP
 B = Vault XP
 C = Vault XP percentage of total XP
 D = Non-vault monster count
 E = Vault monster count
 F = Vault count percentage of total count
                 A         B        C        D         E       F
            +---------+---------+-------+---------+---------+-------
      Total |      85 |      21 |  19.8 |      41 |       6 |  12.8
            +---------+---------+-------+---------+---------+-------
        D:1 |      67 |       0 |   0.0 |      35 |       0 |   0.0
        D:2 |      18 |      21 |  53.8 |       6 |       6 |  50.0
            +---------+---------+-------+---------+---------+-------
